 Dungeon Crawl Stone Soup version 0.26-b1-32-g5d43845318 (webtiles) character file.

Game seed: 8971731487912659446

4149 Borgoz the Slasher (level 10, -12/84 HPs)
             Began as a Ghoul Gladiator on Jan 13, 2021.
             Was a Follower of Ashenzari.
             Mangled by a gnoll sergeant
             ... wielding a +0 glaive
              (15 damage)
             ... in a bailey.
             The game lasted 00:18:54 (11012 turns).

Borgoz the Slasher (Ghoul Gladiator)               Turns: 11012, Time: 00:18:55

Health: -12/84     AC:  9    Str: 20    XL:     10   Next: 27%
Magic:  9/9        EV: 19    Int:  3    God:    Ashenzari [*.....]
Gold:   782        SH:  0    Dex: 12    Spells: 9/9 levels left

rFire    . . .     SeeInvis .   a - +4 long sword
rCold    + . .     Faith    .   (no shield)
rNeg     + + +     Spirit   .   d - +2 leather armour {Will+}
rPois    ∞         Reflect  .   c - +0 helmet
rElec    .         Harm     .   g - scarf {repulsion}
rCorr    .         Rampage  .   A - +1 pair of gloves
Will     +....                  (no boots)
Stlth    ++........             y - amulet of regeneration
HPRegen  0.00/turn              q - ring of stealth
MPRegen  0.11/turn              t - +4 ring of evasion

@: about to teleport, repel missiles
A: claws 1, cold resistance 1, negative energy resistance 3, inhibited
regeneration, torment resistance, unbreathing
a: Renounce Religion, Curse Item, Scrying


You were in a bailey.
You worshipped Ashenzari.
Ashenzari was aware of your devotion.
You visited 1 branch of the dungeon, and saw 10 of its levels.
You also visited: Bailey.

You collected 782 gold pieces.

Inventory:

Hand Weapons
 a - a +4 long sword (weapon)
Missiles
 l - 6 throwing nets (quivered)
Armour
 c - a +0 helmet (worn)
 d - a +2 leather armour of willpower (worn)
 g - a scarf of repulsion (worn)
 r - a +0 leather armour of cold resistance
 A - a +1 pair of gloves (worn)
 C - a +0 troll leather armour
Jewellery
 f - an uncursed ring of ice
 q - a ring of stealth (left hand)
 t - a +4 ring of evasion (right hand)
 y - an amulet of regeneration (around neck)
 z - an uncursed amulet of magic regeneration
Wands
 b - a wand of flame (26)
 k - a wand of paralysis (11)
 o - a wand of acid (7)
Scrolls
 i - a scroll of enchant armour
 j - a scroll of enchant weapon
 m - a scroll of fog
 p - 2 scrolls of teleportation
 v - 8 scrolls of remove curse
 x - a scroll of identify
 B - a scroll of vulnerability {unknown}
Potions
 e - a potion of might
 h - 2 potions of resistance
 n - a potion of brilliance {unknown}
 s - 2 potions of flight
 u - a potion of haste {unknown}
 w - a potion of degeneration {unknown}


   Skills:
 + Level 6.5 Fighting
 * Level 7.6 Long Blades
 - Level 1.7 Throwing
 * Level 7.0 Armour
 * Level 7.6 Dodging


You had 9 spell levels left.
You didn't know any spells.
Your spell library was empty.

Dungeon Overview and Level Annotations

Branches:
Dungeon (10/15)            Temple (0/1) D:6          Bailey (1/1)
   Lair: D:8-11         Orc: D:9-12

Altars:
Ashenzari
Hepliaklqana
Ru
The Shining One

Annotations:
D:7 Raspi's ghost, novice FoFi
D:8 3 runed translucent doors


Innate Abilities, Weirdness & Mutations

You thrive by killing the living.
You are immune to poison.
You have sharp fingernails.
Your flesh is cold resistant. (rC+)
You are immune to negative energy. (rN+++)
You do not regenerate when monsters are visible.
You are immune to unholy pain and torment.
You can survive without breathing.


Message History

* * * LOW HITPOINT WARNING * * *
The gnoll sergeant completely misses you.
The gnoll barely misses you. The gnoll completely misses you.
The gnoll shaman misses you. The gnoll sergeant misses you.
The gnoll sergeant completely misses you.
You hit the gnoll sergeant.
The gnoll sergeant is heavily wounded.
The gnoll misses you. The gnoll closely misses you.
The gnoll sergeant hits you from afar with a +0 glaive!
* * * LOW HITPOINT WARNING * * *
The gnoll sergeant barely misses you.
You riposte.
You hit the gnoll sergeant but do no damage.
The gnoll sergeant is heavily wounded.
The gnoll shaman barely misses you.
Okay, then.
You hit the gnoll sergeant.
The gnoll sergeant is severely wounded.
The gnoll misses you.
The gnoll sergeant hits you from afar with a +0 glaive!
You die...

♣♣♣♣♣♣♣♣♣♣♣♣♣♣♣♣♣♣♣
♣♣≈≈≈≈≈≈≈≈≈≈≈≈≈≈≈≈≈♣♣
♣≈≈...............≈≈♣
♣≈.................≈♣
♣≈..#####...#####..≈♣
♣≈.##...#.).#...##.≈♣
♣≈##....).).').g.##≈♣
♣≈#.....#...#g)g..#≈♣
♣≈#8....##'##@.gg8#≈♣
♣≈#....##...##.g..#≈♣
♣≈#...##.....##g..#≈♣
#...#.......#...#
###'#..)8...#...#
#.gg#..).)..# ..#
#...##..)..## ..#
#..g.##...## .# #8...
##'##


You could see 3 gnoll sergeants, a gnoll shaman and 3 gnolls.

Vanquished Creatures
  A troll (D:9)
  2 yaks
  A water moccasin (D:7)
  4 orc warriors
  A sky beast (D:7)
  A phantom (D:9)
  An ogre (D:5)
  3 centaurs
  Blork the orc (D:5)
  A big kobold (D:7)
  5 gnoll sergeants (Bailey)
  4 bullfrogs
  4 killer bees (D:8)
  A bullfrog zombie (D:7)
  A centaur zombie (D:7)
  4 jellies
  5 hounds
  6 orc priests
  6 gnoll shamans
  A bullfrog skeleton (D:7)
  An iguana (D:6)
  Natasha (thrice) (D:2 D:3)
  4 worker ants
  12 orc wizards
  A worker ant zombie (D:5)
  12 adders
  25 gnolls
  4 shadow imps
  2 white imps (D:9)
  2 ufetubi
  2 adder skeletons
  A worm (D:2)
  4 dart slugs
  2 leopard geckos
  26 orcs
  3 ball pythons
  4 giant cockroaches
  11 goblins
  9 hobgoblins
  6 jackals
  8 quokkas
  10 bats
  4 frilled lizards
  9 kobolds
  9 rats
227 creatures vanquished.

Vanquished Creatures (others)
  An adder skeleton (D:7)
  An orc (D:7)
2 creatures vanquished.

Grand Total: 229 creatures vanquished

Notes
Turn   | Place    | Note
-------+----------+-------------------------------------------
     0 | D:1      | Borgoz the Ghoul Gladiator began the quest for the Orb.
     0 | D:1      | Reached XP level 1. HP: 17/17 MP: 0/0
   106 | D:1      | Reached XP level 2. HP: 23/24 MP: 1/1
  1093 | D:2      | Noticed Natasha
  1107 | D:2      | Killed Natasha
  1108 | D:2      | Reached skill level 1 in Armour
  1108 | D:2      | Reached XP level 3. HP: 5/30 MP: 2/2
  1420 | D:2      | Reached XP level 4. HP: 35/37 MP: 3/3
  1474 | D:2      | Found a sacrificial altar of Ru.
  1707 | D:2      | Noticed Natasha
  1824 | D:3      | Killed Natasha
  2115 | D:3      | Reached XP level 5. HP: 36/44 MP: 4/4
  3503 | D:3      | Found a hazy altar of Hepliaklqana.
  3600 | D:3      | Reached XP level 6. HP: 36/51 MP: 5/5
  3709 | D:3      | Found a broken altar of Ashenzari.
  3864 | D:3      | Noticed Natasha
  3898 | D:3      | Became a worshipper of Ashenzari the Shackled
  4022 | D:3      | Killed Natasha
  5374 | D:4      | Found a glowing golden altar of the Shining One.
  5512 | D:5      | Entered Level 5 of the Dungeon
  5560 | D:5      | Reached XP level 7. HP: 58/58 MP: 6/6
  5836 | D:5      | Noticed Blork the orc
  5884 | D:5      | HP: 2/58 [Blork the orc/magic dart (7)]
  5899 | D:5      | Killed Blork the orc
  6280 | D:5      | Reached skill level 5 in Long Blades
  6552 | D:5      | Reached skill level 5 in Dodging
  6552 | D:5      | Reached XP level 8. HP: 34/66 MP: 7/7
  6836 | D:6      | Found a staircase to the Ecumenical Temple.
  7798 | D:7      | HP: 3/67 [orc warrior/+0 short sword (10)]
  8046 | D:7      | Reached skill level 5 in Fighting
  8046 | D:7      | Reached skill level 5 in Armour
  8166 | D:7      | Reached XP level 9. HP: 61/74 MP: 8/8
  8519 | D:7      | Found a large runed translucent door.
  8519 | D:7      | Found a large runed translucent door.
  8521 | D:7      | Noticed Raspi's ghost (novice FoFi)
  9132 | D:8      | Reached * piety under Ashenzari
  9422 | D:8      | Found a runed translucent gate.
  9422 | D:8      | Found a runed translucent gate.
  9422 | D:8      | Found a runed translucent gate.
  9435 | D:8      | Noticed a cyan ugly thing
  9471 | D:8      | Noticed a purple ugly thing
  9472 | D:8      | Noticed a white ugly thing
  9472 | D:8      | Noticed a white ugly thing
  9473 | D:8      | Noticed a red very ugly thing
 10036 | D:9      | Noticed a troll
 10047 | D:9      | Killed a troll
 10320 | D:9      | Reached XP level 10. HP: 24/83 MP: 9/9
 10332 | D:9      | HP: 4/83 [yak (7)]
 10345 | D:10     | Entered Level 10 of the Dungeon
 10350 | D:10     | Found a flagged portal.
 10472 | Bailey   | Entered a bailey
 10553 | Bailey   | HP: 3/84 [gnoll/+0 trident (7)]
 11011 | Bailey   | HP: 3/84 [gnoll sergeant/+0 glaive (7)]
 11012 | Bailey   | Mangled by a gnoll sergeant

Illustrated notes

Levels and vault maps discovered:
D:1:      dpeg_arrival_brainrot, layout_loops_corners, minmay_tetromino_s2
D:2:      layout_loops_ring, overflow_temple_1_default, st_stairs_5,
          uniq_natasha
D:3:      layout_loops_corners, marbit_many_paths, nzn_hepliaklqana_mist_gate,
          minmay_goblin_outpost
D:4:      layout_cave_pools, kennysheep_mini
D:5:      layout_basic, uniq_blork_the_orc
D:6:      layout_basic, minmay_temple_entry_large_hall, serial_glass,
          glass_columns_a, glass_columns_b, hex_large, amethyst_killhole
D:7:      layout_basic, ebering_ghost_disaster_area
D:8:      layout_loops_ring, ploomutoo_gammafunk_ghost_potion_laboratory
D:9:      layout_roguey, basic_altar, kennysheep_dice
D:10:     layout_roguey, lair_entry_dummy, david_orc_2, enter_bailey_5,
          minmay_the_grid_2x2 [minmay_the_grid_broken_lines,
          minmay_the_grid_doors, minmay_the_grid_minigrid_small,
          minmay_the_grid_prize_diamond_cup], uniq_urug
Bailey:   bailey_polearm_gnolls_kennysheep, bailey

Skill      XL: |  1  2  3  4  5  6  7  8  9 10 |
---------------+-------------------------------+-----
Dodging        | 3 4 5 6 7 |  7.6
Long Blades    | 3 4 5 6 7 |  7.6
Armour         | 1 2 3 4 5 6 7 |  7.0
Fighting       | 3 4 5 6 |  6.5
Throwing       | |  1.7

Action                   |  1- 3 |  4- 6 |  7- 9 | 10-12 || total
-------------------------+-------+-------+-------+-------++-------
Melee: Long sword        |    80 |   240 |   482 |   141 ||   943
Throw: Throwing net      |       |     5 |     4 |       ||     9
  Use: Scroll            |     3 |     2 |    18 |     1 ||    24
       Potion            |       |       |     7 |     3 ||    10
 Stab: Sleeping          |     1 |     2 |     7 |     1 ||    11
       Held in net/web   |       |     1 |       |       ||     1
       Invisible         |       |       |     6 |       ||     6
Armor: Leather armour    |    33 |    61 |   105 |    18 ||   217
Dodge: Dodged            |    72 |   214 |   477 |   262 ||  1025
       Repelled          |       |     1 |     6 |       ||     7
       Rpst.: Long sword |    24 |    61 |   135 |    44 ||   264
